 Dungeon Crawl Stone Soup version 0.22.1-2-g9c5b331383 (webtiles) character file.

926 Marnok the Chopper (level 7, -1/71 HPs)
             Began as a Troll Berserker on Dec 24, 2018.
             Was a Priest of Trog.
             Slain by an iguana (6 damage)
             ... on level 6 of the Dungeon.
             The game lasted 00:15:49 (2742 turns).

Marnok the Chopper (Troll Berserker)                Turns: 2742, Time: 00:15:50

Health: -1/71      AC:  7    Str: 26    XL:     7   Next: 85%
Magic:  6/6        EV: 11    Int:  3    God:    Trog [***...]
Gold:   164        SH:  0    Dex: 11    Spells: 6/6 levels left

rFire    . . .     SeeInvis .   a - +0 hand axe
rCold    + . .     Gourm    +   (no shield)
rNeg     . . .     Faith    .   e - +2 robe {MR+}
rPois    .         Spirit   .   (helmet restricted)
rElec    .         Reflect  .   (no cloak)
rCorr    .         Harm     .   (gloves unavailable)
MR       +....                  (boots unavailable)
Stlth    +.........             p - amulet of the acrobat
HPRegen  0.61/turn              (no ring)
MPRegen  0.10/turn              (no ring)

@: lethally poisoned (-1 -> -9), drained
A: large, unfitting armour, claws 3, hooves 1, cold resistance 1, deterioration
1, fast metabolism 3, gourmand, regeneration 1, shaggy fur 1, tough skin 2, wild
magic 1
a: Berserk, Trog's Hand, Renounce Religion


You were on level 6 of the Dungeon.
You worshipped Trog.
Trog was most pleased with you.
You were not hungry.

You visited 1 branch of the dungeon, and saw 6 of its levels.

You collected 164 gold pieces.

Inventory:

Hand Weapons
 a - a +0 hand axe (weapon)
 h - a +3 short sword of speed
 s - a +0 dagger of draining
Armour
 e - a +2 robe of magic resistance (worn)
 j - the +5 chain mail of the Buccaneer {Str+4, unknown}
   (You found it on level 6 of the Dungeon)

   It affects your strength (+4).
Jewellery
 p - an amulet of the acrobat (around neck)
Wands
 b - a wand of polymorph (8)
 m - a wand of digging (12)
Scrolls
 f - 3 scrolls of immolation {unknown}
 i - a scroll of noise {unknown}
 k - 2 scrolls of teleportation {unknown}
 l - a scroll of enchant armour {unknown}
 n - a scroll of amnesia {unknown}
 o - 2 scrolls of blinking {unknown}
 q - a scroll of enchant weapon {unknown}
 r - 3 scrolls of identify
 v - 3 scrolls of random uselessness {unknown}
Potions
 d - 3 potions of lignification
 g - a potion of flight
Comestibles
 c - 6 rations


   Skills:
 + Level 4.3(4.2) Fighting
 + Level 5.5(5.4) Axes
 + Level 4.7(4.5) Dodging
 + Level 0.3(0.2) Stealth


You had 6 spell levels left.
You didn't know any spells.
Your spell library was empty.

Dungeon Overview and Level Annotations

Branches:
Dungeon (6/15)
 Temple: D:4-7

Altars:
Cheibriados

Shops:
D:6 =


Innate Abilities, Weirdness & Mutations

You are too large for most types of armour.
You have claws for hands.
Your metabolism is lightning-fast.
You like to eat raw meat.
Your natural rate of healing is unusually fast.
You are covered in fur. (AC +1)
You have very tough skin. (AC +2)
You have large cloven feet.
Your flesh is cold resistant. (rC+)
Your body sometimes deteriorates upon taking damage.
Your spells are a little harder to cast, but a little more powerful.


Message History

You are lethally poisoned!
The adder poisons you!
You barely miss the adder. Your kick misses the adder.
The adder is severely wounded.
* * * LOW HITPOINT WARNING * * *
You feel very sick. The adder barely misses you.
You hit the adder.
The adder is almost dead.
* * * LOW HITPOINT WARNING * * *
You feel sick. The adder closely misses you.
You hit the adder.
You kill the adder!
Trog accepts your kill.
* * * LOW HITPOINT WARNING * * *
You feel sick.
You hit the iguana but do no damage. Your kick misses the iguana.
* * * LOW HITPOINT WARNING * * *
You feel sick. The iguana bites you.
You die...

## #.. #### # #.# #.. .
#.# #.###.# #.#
#.#####...#.# #.#
#...@l.$$$..# #.# ###
#######$∩$.## ..# ..
#.#$$$## ..#####.
#.....#
........#########.#####
.#######..........#
.......#.##########
######.#.# #.#.#


You could see an iguana.

Vanquished Creatures
  Sigmund (D:3)
  Duvessa (D:4)
  A centaur (D:5)
  2 bullfrogs (D:6)
  Dowan (D:4)
  A scorpion (D:5)
  A crimson imp (D:5)
  A hound (D:4)
  A jelly (D:6)
  An iguana (D:5)
  Ijyb (D:3)
  An orc wizard (D:5)
  A worker ant (D:4)
  8 adders
  An ooze (D:3)
  An adder skeleton (D:4)
  A worm (D:2)
  2 dart slugs (D:4)
  3 leopard geckos
  8 orcs
  2 ball pythons
  6 giant cockroaches
  6 hobgoblins
  4 jackals (D:3)
  2 quokkas
  5 bats
  4 frilled lizards
  7 goblins
  A jackal zombie (D:4)
  4 kobolds
  11 rats
90 creatures vanquished.

Notes
Turn   | Place    | Note
-------+----------+-------------------------------------------
     0 | D:1      | Marnok the Troll Berserker began the quest for the Orb.
     0 | D:1      | Reached XP level 1. HP: 22/22 MP: 0/0
   129 | D:1      | Reached XP level 2. HP: 29/29 MP: 1/1
   483 | D:2      | Reached ** piety under Trog
   490 | D:2      | Reached skill level 3 in Axes
   490 | D:2      | Reached XP level 3. HP: 24/36 MP: 2/2
   703 | D:3      | Noticed Sigmund
   922 | D:2      | Reached XP level 4. HP: 45/45 MP: 3/3
  1211 | D:3      | Killed Sigmund
  1211 | D:3      | Reached skill level 4 in Axes
  1211 | D:3      | Reached XP level 5. HP: 54/54 MP: 4/4
  1406 | D:3      | Noticed Ijyb
  1426 | D:3      | Killed Ijyb
  1426 | D:3      | Reached XP level 6. HP: 62/62 MP: 5/5
  1556 | D:3      | Reached *** piety under Trog
  1584 | D:5      | Entered Level 5 of the Dungeon
  1828 | D:4      | Noticed Duvessa
  1832 | D:4      | Noticed Dowan
  1844 | D:4      | Killed Duvessa
  1850 | D:4      | Killed Dowan
  1850 | D:4      | Reached XP level 7. HP: 68/68 MP: 6/6
  2125 | D:5      | Reached skill level 5 in Axes
  2279 | D:5      | Found a snail-covered altar of Cheibriados.
  2425 | D:5      | Gained mutation: Your spells are a little harder to cast,
                  | but a little more powerful. [potion of mutation]
  2425 | D:5      | Gained mutation: You have large cloven feet. [potion of
                  | mutation]
  2425 | D:5      | Gained mutation: Your body sometimes deteriorates upon
                  | taking damage. [potion of mutation]
  2425 | D:5      | Gained mutation: Your flesh is cold resistant. (rC+)
                  | [potion of mutation]
  2687 | D:6      | Got a scorched chain mail
  2711 | D:6      | Found Ofreozxe's Jewellery Shoppe.
  2742 | D:6      | Slain by an iguana

Skill      XL: |  1  2  3  4  5  6  7 |
---------------+----------------------+-----
Axes           | 3 4 5 |  5.5
Fighting       | 3 4 |  4.3
Dodging        | 3 4 |  4.7
Stealth        | |  0.3

Action                   |  1- 3 |  4- 6 |  7- 9 || total
-------------------------+-------+-------+-------++-------
Melee: Hand axe          |   129 |   190 |   111 ||   430
       Kick              |       |       |    14 ||    14
Invok: Berserk           |       |     2 |       ||     2
  Use: Potion            |       |     2 |     3 ||     5
       Scroll            |       |     2 |       ||     2
  Eat: Chunk             |     5 |    11 |     4 ||    20
       Ration            |       |     1 |     1 ||     2
Armor: Animal skin       |    52 |    24 |       ||    76
       Robe              |       |    70 |    38 ||   108
Dodge: Dodged            |    77 |   113 |    76 ||   266
